 Dungeon Crawl Stone Soup version 0.22-a0-402-ga933591 (webtiles) character file.

394 KristoblXynda the Ruffian (level 6, 0/53 HPs)
             Began as a Troll Wizard on May 7, 2018.
             Engulfed by a cloud of steam (6 damage)
             ... on level 3 of the Dungeon.
             The game lasted 00:07:44 (2261 turns).

KristoblXynda the Ruffian (Troll Wizard)            Turns: 2261, Time: 00:07:45

Health: 0/53       AC:  5    Str: 16    XL:     6   Next: 52%
Magic:  1/8        EV:  9    Int: 19    God:
Gold:   83         SH:  0    Dex:  8    Spells: 5/9 levels left

rFire    . . .     SeeInvis .     - Unarmed
rCold    . . .     Gourm    +   (no shield)
rNeg     . . .     Faith    .   a - +0 robe
rPois    .         Spirit   .   b - +0 hat
rElec    .         Reflect  .   (no cloak)
rCorr    .         Harm     .   (gloves unavailable)
MR       .....                  (boots unavailable)
Stlth    +.........             (no amulet)
HPRegen  0.57/turn              c - +3 ring of intelligence
MPRegen  0.11/turn              (no ring)

@: no status effects
A: large, unfitting armour, claws 3, fast metabolism 3, gourmand, regeneration
1, shaggy fur 1, tough skin 2
a: no special abilities


You were on level 3 of the Dungeon.
You were very full.

You visited 1 branch of the dungeon, and saw 3 of its levels.

You collected 83 gold pieces.

Inventory:

Armour
 a - a +0 robe (worn)
 b - a +0 hat (worn)
Jewellery
 c - a +3 ring of intelligence (left claw)
Wands
 h - a wand of polymorph (16)
 m - a wand of disintegration (1)
Scrolls
 e - a scroll of teleportation
 g - a scroll of remove curse
Potions
 f - a potion of invisibility {unknown}
 i - a potion of lignification {unknown}
Comestibles
 d - 6 rations


   Skills:
 - Level 1.5 Dodging
 - Level 1.0 Stealth
 * Level 4.5 Unarmed Combat
 - Level 2.0 Spellcasting
 * Level 3.5 Conjurations
   Level 0.6 Summonings
   Level 0.6 Translocations


You had 5 spell levels left.
You knew the following spells:

 Your Spells              Type           Power        Failure   Level  Hunger
a - Magic Dart            Conj           ###.         3%          1    #......
b - Mephitic Cloud        Conj/Pois/Air  #.......     30%         3    ###....


Dungeon Overview and Level Annotations

Branches:
Dungeon (3/15)

Altars:


Innate Abilities, Weirdness & Mutations

You are too large for most types of armour.
You have claws for hands.
Your metabolism is lightning-fast.
You like to eat raw meat.
Your natural rate of healing is unusually fast.
You are covered in fur. (AC +1)
You have very tough skin. (AC +2)


Message History

Moving in this stuff is going to be slow.
A puff of frost appears from out of thin air!
The puff of frost hits you!
* * * LOW HITPOINT WARNING * * *
You see here a quokka corpse.
A puff of flame appears from out of thin air!
The puff of flame hits you!
* * * LOW HITPOINT WARNING * * *
Casting: Magic Dart (safe; 4% risk of failure)
Confirm with . or Enter, or press ? or * to list all spells.
You can't see any susceptible monsters within range! (Use Z to cast anyway.) Evoke which item? (* to show all) (? for menu, Esc to quit)
Aiming: Disintegrate
Press: ? - help, Shift-Dir - straight line
Aim: Disturbance You hear a splash. x2
Reactivating autopickup.
You feel a bit more experienced.
Nothing appears to happen.
You are engulfed in a cloud of scalding steam.
You die...

####§§...............##.#
#§§§.....####.###.##.#...
#§§......# #..).........
#...W....########)##.#.. .
########.#....)...##.#....
...!........)........
####..†)..≈≈≈≈.≈.≈≈#
#...≈.≈≈≈≈≈≈≈≈...
##..@≈§≈≈≈≈≈≈≈..#
#..§≈≈≈≈≈≈≈≈≈.≈#
#..§§§≈≈≈≈≈≈≈..#
##.≈≈)≈≈.≈≈≈≈≈.#
#.≈≈≈≈≈_≈≈≈≈≈.# #..≈≈≈..≈≈
#..≈≈≈≈≈≈≈ #..≈≈≈≈≈≈≈


There were no monsters in sight!

Vanquished Creatures
  The ghost of zero the Digger, an amateur TrEE (D:3)
  3 orc priests
  An orc wizard (D:3)
  Robin (D:2)
  4 adders (D:2)
  2 oozes
  2 worms
  A dart slug (D:2)
  A leopard gecko (D:2)
  6 orcs
  4 bats
  A giant cockroach (D:2)
  10 goblins
  12 hobgoblins
  2 quokkas
  4 frilled lizards
  8 kobolds
  21 rats
84 creatures vanquished.

Vanquished Creatures (others)
  A rat (D:3)
1 creature vanquished.

Grand Total: 85 creatures vanquished

Notes
Turn   | Place    | Note
-------+----------+-------------------------------------------
     0 | D:1      | KristoblXynda the Troll Wizard began the quest for the Orb.
     0 | D:1      | Reached XP level 1. HP: 16/16 MP: 2/2
   134 | D:1      | Reached skill level 1 in Conjurations
   164 | D:1      | Reached skill level 1 in Unarmed Combat
   332 | D:1      | Reached XP level 2. HP: 24/24 MP: 4/4
   429 | D:1      | You fall through a shaft!
   429 | D:2      | Noticed Robin
   485 | D:2      | Reached XP level 3. HP: 26/31 MP: 5/5
   509 | D:2      | Reached skill level 2 in Unarmed Combat
  1015 | D:2      | Killed Robin
  1083 | D:2      | Reached XP level 4. HP: 30/39 MP: 6/6
  1237 | D:2      | Learned a level 3 spell: Mephitic Cloud
  1657 | D:2      | Reached skill level 3 in Unarmed Combat
  1775 | D:2      | Reached XP level 5. HP: 28/45 MP: 7/7
  2081 | D:3      | Noticed zero's ghost (amateur TrEE)
  2136 | D:3      | Killed zero's ghost
  2136 | D:3      | Reached skill level 4 in Unarmed Combat
  2136 | D:3      | Reached XP level 6. HP: 36/53 MP: 3/8
  2196 | D:3      | Found a faded altar of an unknown god.
  2261 | D:3      | Engulfed by a cloud of steam

Vault maps used:
D:1:      dpeg_arrival_snail, minmay_misc_feat_ornament,
          minmay_large_rounded_square
D:2:      kennysheep_small_spiral, minmay_rat_hole, uniq_robin
D:3:      elyvilon_altar_4, chequers_ecumenical_altar_island

Skill      XL: |  1  2  3  4  5 |
---------------+----------------+-----
Conjurations   | 1 2 3 |  3.5
Unarmed Combat | 1 2 3 4 |  4.5
Dodging        | |  1.5
Stealth        | |  1.0
Spellcasting   | |  2.0
Summonings     | |  0.6
Translocations | |  0.6

Action                   |  1- 3 |  4- 6 || total
-------------------------+-------+-------++-------
Melee: Unarmed           |   114 |   129 ||   243
       Punch             |       |     1 ||     1
 Cast: Magic Dart        |       |    19 ||    19
Evoke: Wand              |       |     1 ||     1
  Use: Scroll            |     1 |     3 ||     4
  Eat: Chunk             |     8 |    18 ||    26
Armor: Robe              |    63 |    40 ||   103
Dodge: Dodged            |    95 |    52 ||   147

Table legend:
 A = Spawn XP
 B = Non-spawn XP
 C = Spawn XP percentage of total XP
 D = Spawn monster count
 E = Non-spawn monster count
 F = Spawn count percentage of total count
 G = Total turns spent on level
                    A         B        C        D         E        F      G
               +---------+---------+-------+---------+---------+-------+---------
         Total |       0 |     564 |   0.0 |       0 |      84 |   0.0 |  2261
               +---------+---------+-------+---------+---------+-------+---------
           D:1 |       0 |      33 |   0.0 |       0 |      18 |   0.0 |   926
           D:2 |       0 |     191 |   0.0 |       0 |      54 |   0.0 |  1060
           D:3 |       0 |     340 |   0.0 |       0 |      12 |   0.0 |   275
               +---------+---------+-------+---------+---------+-------+---------
